 Dungeon Crawl Stone Soup version 0.26-a0-606-g3c8f2f65f7 (webtiles) character file.

Game seed: 15208182876844458552

196 ANON1729 the Insei (level 6, -3/36 HPs)
             Began as a Kobold Transmuter on Sept 2, 2020.
             Slain by a gnoll
             ... wielding a +0 flail
              (13 damage)
             ... on level 2 of the Dungeon.
             The game lasted 00:06:17 (3942 turns).

ANON1729 the Insei (Kobold Transmuter)              Turns: 3942, Time: 00:06:17

Health: -3/36      AC:  2    Str:  8    XL:     6   Next: 4%
Magic:  9/10       EV: 16    Int: 16    God:
Gold:   136        SH:  0    Dex: 15    Spells: 1/11 levels left

rFire    . . .     SeeInvis .     - Unarmed
rCold    . . .     Faith    .   (shield restricted)
rNeg     . . .     Spirit   .   a - +0 robe
rPois    .         Reflect  .   (helmet currently unavailable)
rElec    .         Harm     .   (no cloak)
rCorr    .                      (no gloves)
MR       .....                  (boots currently unavailable)
Stlth    +++.......             (no amulet)
HPRegen  0.12/turn              (no ring)
MPRegen  0.12/turn              (no ring)

@: appendages
A: small, horns 2, talons 2, nightstalker 3
a: End Transformation


You were on level 2 of the Dungeon.
You had grown temporary horns.
You had grown temporary talons.
You visited 1 branch of the dungeon, and saw 3 of its levels.

You collected 136 gold pieces.

Inventory:

Armour
 a - a +0 robe (worn)
Jewellery
 d - an uncursed ring of protection from magic {unknown}
Scrolls
 b - 2 scrolls of teleportation {unknown}
 c - a scroll of enchant weapon {unknown}
 e - a scroll of immolation {unknown}
 h - a scroll of magic mapping {unknown}
 l - a scroll of blinking {unknown}
 n - a scroll of enchant armour {unknown}
Potions
 f - a potion of lignification {unknown}
 g - a potion of stabbing {unknown}
 i - a potion of curing {unknown}
 j - 3 potions of haste {unknown}
 k - a potion of might {unknown}
 m - a potion of degeneration {unknown}
 o - a potion of cancellation {unknown}


   Skills:
 + Level 2.4 Fighting
 + Level 3.4 Dodging
 + Level 2.2 Stealth
 + Level 3.5 Unarmed Combat
 + Level 3.1 Spellcasting
 * Level 3.3 Transmutations
 + Level 0.0 Ice Magic
 + Level 0.0 Poison Magic


You had one spell level left.
You knew the following spells:

 Your Spells              Type           Power        Failure   Level
a - Beastly Appendage     Tmut           ##....       4%          1
b - Wereblood             Tmut           ##......     7%          2
c - Spider Form           Tmut/Pois      #.........   28%         3
d - Ice Form              Ice/Tmut       #.......     67%         4

Your spell library contained the following spells:

 Spells                   Type           Power        Failure   Level
 Blade Hands              Tmut           ##........   78%         5


Dungeon Overview and Level Annotations

Branches:
Dungeon (3/15)

Altars:
Wu Jian


Innate Abilities, Weirdness & Mutations

You are small and have problems with some larger weapons.
You are completely attuned to the shadows.
You have a pair of horns on your head.
You have razor-sharp toenails.


Message History

You are too injured to fight recklessly!
You are too injured to fight recklessly!
You are too injured to fight recklessly!
You are too injured to fight recklessly!
You punch the gnoll! Your kick misses the gnoll.
The gnoll is severely wounded.
The gnoll completely misses you.
You hit the gnoll but do no damage. Your kick misses the gnoll.
The gnoll is severely wounded.
You barely miss the gnoll. You claw the gnoll.
The gnoll is severely wounded.
The gnoll hits you with a +0 flail.
* * * LOW HITPOINT WARNING * * *
You hit the gnoll. Your headbutt misses the gnoll.
The gnoll is almost dead.
The gnoll closely misses you.
You barely miss the gnoll.
The gnoll is almost dead.
The gnoll hits you with a +0 flail!
You die...

...####......####...###...#####
(####....#.....####.###.###
.)......##...............# ######
#.......#####........#...# #.†...
.........##....#######...# #.###.
()..........##..#####...## #.# #.
.........###.....#.....## ##.# #.
.........# #)..g.#.###.# #..###.
.........# #....@...##.####.##...
.........# ####................#.
.........# ###...#......#####.
.........#### #.......#...# ##
............# #..##....#..###
..........#.#####...#.........###
#.......#.._....#.#.####..###...#
##.....##.#.#...#.#.###.....###..
###.#####†.......#.#...###..####


You could see a gnoll.

Vanquished Creatures
  An orc wizard (D:3)
  2 gnolls (D:2)
  5 adders
  2 oozes (D:1)
  A worm (D:2)
  6 dart slugs
  A leopard gecko (D:1)
  4 orcs
  4 giant cockroaches
  5 goblins
  9 hobgoblins
  5 jackals
  11 bats
  7 frilled lizards
  7 kobolds
  4 rats
74 creatures vanquished.

Notes
Turn   | Place    | Note
-------+----------+-------------------------------------------
     0 | D:1      | ANON1729 the Kobold Transmuter began the quest for the Orb.
     0 | D:1      | Reached XP level 1. HP: 12/12 MP: 3/3
   209 | D:1      | Reached XP level 2. HP: 16/16 MP: 3/5
   480 | D:1      | Reached XP level 3. HP: 6/20 MP: 4/6
  1422 | D:1      | Reached skill level 1 in Stealth
  1422 | D:1      | Reached XP level 4. HP: 18/26 MP: 6/8
  2251 | D:2      | Found an ornate altar of the Wu Jian Council.
  2607 | D:2      | Reached XP level 5. HP: 16/30 MP: 9/9
  3716 | D:3      | Reached XP level 6. HP: 27/36 MP: 10/10
  3751 | D:2      | Learned a level 2 spell: Wereblood
  3755 | D:2      | Learned a level 3 spell: Spider Form
  3760 | D:2      | Learned a level 4 spell: Ice Form
  3942 | D:2      | Slain by a gnoll

Illustrated notes

Levels and vault maps discovered:
D:1:      tarquinn_simple_flora_water_e, layout_basic
D:2:      layout_rooms, lemuel_crystal_altar, minmay_misc_feat_x,
          kennysheep_generic_room_6
D:3:      layout_rooms, eat_drink_and_be_merry_uskayaw

Skill      XL: |  1  2  3  4  5 |
---------------+----------------+-----
Stealth        | 1 2 |  2.2
Dodging        | 3 |  3.4
Fighting       | 2 |  2.4
Transmutations | 3 |  3.3
Spellcasting   | 3 |  3.1
Unarmed Combat | |  3.5

Action                   |  1- 3 |  4- 6 || total
-------------------------+-------+-------++-------
Melee: Unarmed           |   118 |   200 ||   318
       Kick              |     9 |    26 ||    35
       Headbutt          |    11 |    19 ||    30
       Punch             |     1 |     2 ||     3
 Cast: Beastly Appendage |    15 |    13 ||    28
 Stab: Sleeping          |     3 |     9 ||    12
Armor: Robe              |    20 |    26 ||    46
Dodge: Dodged            |    77 |   181 ||   258

Table legend: (Time is in decaauts)
 A = Elapsed time spent in this place.
 B = Non-inter-level travel time spent in this place.
 C = Inter-level travel time spent in this place.
 D = Time resting spent in this place.
 E = Time spent auto-exploring this place.
 F = Levels seen in this place.
 G = Mean time per level.
                   A        B        C        D        E       F      G
               +--------+--------+--------+--------+--------+-----+--------+
         Total |   3926 |   3857 |     69 |   2119 |   1039 |   3 | 1308.7 |
       Dungeon |   3926 |   3857 |     69 |   2119 |   1039 |   3 | 1308.7 |
               +--------+--------+--------+--------+--------+-----+--------+

Top non-repeatable levels by time:
     D:2: 2024 daAuts
     D:1: 1703 daAuts
     D:3: 199 daAuts
